cohdb
Replays
Latest Replays
All Replays
Popular Replays
Top Player Replays
Match Explorer
How It Works
Community
CoH3 Stats
Reddit
Sign in to upload your games and track your stats! →
Sign in with Steam
Match 41876640
Unlisted
Match 41876640
Overview
Messages
Build Orders
End
Kradschützen Motorcycle Team
Selects Panzerjäger Kommand Battlegroup
Selects Blockade Equipment
Panzergrenadier Squad
Panzergrenadier Squad
Construct Light Support Kompanie
MG34 Team
Fire Support Elements
le.IG 18 Support Gun Team
Selects Defensive Positions
le.IG 18 Mechanized Group
Combat Half-tracks
MG34 Team
Panzerjäger Squad
Selects Tank Busters
Pak 38 Anti-tank Gun Team
2.5-tonne Medical Truck
Panzerpioneer Squad
Construct Panzerarmee Kommand
Selects Butterfly Bomb Drop
Butterfly Bomb Drop
Panzer III L Medium Tank
Armored Reserves
Butterfly Bomb Drop
Tiger Heavy Tank
-Trupp5- Radio
xX-GAMER-Xx
syvorov-ss
louis.boulain
Erkki Metsola
Santiago Arnavisca
SneaKerz
gb_gbg
0
0
Comments
sign in to comment!
No comments posted yet!